 Dungeon Crawl Stone Soup version 0.31-a0-152-g6aa68a64a1 (webtiles) character file.

Game seed: 9552256165213475789

1297 qw the Skirmisher (level 8, -2/74 HPs)
             Began as a Naga Hunter on June 9, 2023.
             Slain by Edmund
             ... wielding a +1 dire flail of protection
              (11 damage)
             ... on level 6 of the Dungeon.
             The game lasted 00:04:18 (4752 turns).

qw the Skirmisher (Naga Hunter)                     Turns: 4752, Time: 00:04:19

Health: -2/74      AC: 15    Str: 13    XL:     8   Next: 56%
Magic:  8/8        EV: 10    Int: 10    God:
Gold:   304        SH:  0    Dex: 17    Spells: 7/7 levels left

rFire   x x .        Y - +0 shortbow
rCold   x x .        (shield currently unavailable)
rNeg    . . .        c - +0 leather armour
rPois   +            (no helmet)
rElec   .            (no cloak)
rCorr   .            i - +2 pair of gloves
SInv    +            (no barding)
Will    +....        a - amulet of Elemental Vulnerability {rPois rF-- rC-- AC+8}
Stlth   ++           (no ring)
HPRegen 0.32/turn    (no ring)
MPRegen 0.11/turn

%: no passive effects
@: very slow
A: AC +2, large, see invisible, deformed body, poison resistance, slowness 2,
spit poison 1, naga tail 1
a: Spit Poison


You were on level 6 of the Dungeon.
You visited 1 branch of the dungeon, and saw 6 of its levels.

You collected 304 gold pieces.


Innate Abilities, Weirdness & Mutations

Your serpentine skin is tough. (AC +2)
You have supernaturally acute eyesight. (SInv)
Armour fits poorly on your strangely shaped body.
Your system is resistant to poisons. (rPois)
You cover ground very slowly.
You can spit poison.
You have a snake-like lower body.


   Skills:
 - Level 5.1 Fighting
 + Level 8.8 Ranged Weapons
 - Level 2.1 Dodging
 - Level 1.5 Stealth


You had 7 spell levels left.
You didn't know any spells.
Your spell library was empty.

Inventory:

Hand Weapons
 Y - a +0 shortbow (weapon)
Armour
 c - a +0 leather armour (worn)
 i - a +2 pair of gloves (worn)
Jewellery
 a - the amulet of Elemental Vulnerability (around neck) {rPois rF-- rC-- AC+8}
   (You found it on level 3 of the Dungeon)

   [amulet of nothing]

   AC:        It affects your AC (+8).
   rF:        It makes you very vulnerable to fire.
   rC:        It makes you very vulnerable to cold.
   rPois:     It protects you from poison.
 k - a ring of ice
Wands
 j - a wand of digging (2)
Scrolls
 f - a scroll of identify
Potions
 b - a potion of enlightenment {unknown}
 d - a potion of haste {unknown}
 e - a potion of mutation {unknown}
 g - a potion of curing {unknown}
 h - 2 potions of resistance
 l - a potion of berserk rage {unknown}
 o - a potion of invisibility {unknown}

Dungeon Overview and Level Annotations

Branches:
Dungeon (6/15)
 Temple: D:4-7

Altars:
Dithmenos
Nemelex Xobeh
Ru
Wu Jian

Shops:
D:1 :

Annotations:
D:2 1 runed translucent door, Crazy Yiuf
D:6 Edmund


Message History

Edmund hits you but does no damage.
You shoot an arrow.
The arrow hits Edmund but does no damage.
Edmund is heavily wounded.
Your surroundings suddenly seem different.
Enter note:
Enter note:
Enter note:
Enter note:
Enter note:
Enter note: You start resting.
You have got your breath back.
Edmund is nearby!
4747 ||| INVOKING Spit Poison.
Aiming: Spit Poison (1% risk of failure)
Press: ? - help, Shift-Dir - straight line, f/p - Edmund The splash of poison hits Edmund but does no damage.
Edmund is poisoned.
Edmund is heavily wounded.
You shoot an arrow.
The arrow hits Edmund but does no damage.
Edmund is heavily wounded.
You shoot an arrow. The arrow barely misses Edmund.
An orc comes into view. It is wielding a +0 war axe.
Edmund misses you.
You shoot an arrow. The arrow completely misses Edmund.
The orc shouts!
Edmund hits you but does no damage.
You shoot an arrow.
The arrow hits Edmund but does no damage.
Edmund is severely wounded.
Edmund hits you with a +1 dire flail of protection!
You shoot an arrow.
The arrow hits Edmund but does no damage.
Edmund is severely wounded.
You have got your breath back.
An orc comes into view. It is wielding a +0 club.
Edmund hits you with a +1 dire flail of protection!
You die...

#.....#########
#### .##.###.##
....# ...#
#...# #..
......@..# #
##. .........#
..##.
#.....####
.....
#.....#### .
.....
....>.@..##....
.....
.......@.......
.....
...............
.##..
..........###..
#...
.....#..###
..... ...#.#.o.
...). #. . ....
..... # . ....
..... #. .....o
.....


You could see Edmund (poisoned) and 2 orcs.

Vanquished Creatures
  Sigmund (D:2)
  Eustachio (D:4)
  A sky beast (D:5)
  A black bear (D:5)
  An ogre (D:6)
  2 scorpions (D:4)
  2 orc priests (D:5)
  2 hounds (D:5)
  A jelly (D:4)
  4 iguanas
  Ijyb (D:4)
  4 orc wizards
  4 gnolls (D:2)
  7 adders
  3 worms
  2 dart slugs
  18 orcs
  6 bats
  8 endoplasms
  6 giant cockroaches
  6 goblins
  5 hobgoblins
  5 quokkas
  4 ball pythons
  2 frilled lizards
  9 kobolds
  5 rats
111 creatures vanquished.

Notes
Turn   | Place    | Note
-------+----------+-------------------------------------------
     0 | D:1      | qw the Naga Hunter began the quest for the Orb.
     0 | D:1      | Reached XP level 1. HP: 19/19 MP: 1/1
     0 | D:1      | 0 ||| qw: Version: 0.2-a-122-g1db1318
     0 | D:1      | 0 ||| qw: Game counter: 3252
     0 | D:1      | 0 ||| qw: Always use a shield: true
     0 | D:1      | 0 ||| qw: God list: Okawaru
     0 | D:1      | 0 ||| qw: Allow faded altars: false
     0 | D:1      | 0 ||| qw: Do Orc after D:15 true
     0 | D:1      | 0 ||| qw: Do second Lair branch before Depths: true
     0 | D:1      | 0 ||| qw: Lair rune preference: random
     0 | D:1      | 0 ||| qw: Plans: Normal
     0 | D:1      | 0 ||| PLANNING D:1-11
    41 | D:1      | 41 ||| INVOKING Spit Poison.
    42 | D:1      | 42 ||| PLANNING D:1-11
    43 | D:1      | 43 ||| INVOKING Spit Poison.
    62 | D:1      | Found Xefiywiohi's Book Shop.
    68 | D:1      | 68 ||| INVOKING Spit Poison.
    72 | D:1      | Reached skill level 4 in Ranged Weapons
    72 | D:1      | Reached XP level 2. HP: 26/26 MP: 2/2
    95 | D:1      | 95 ||| INVOKING Spit Poison.
   132 | D:1      | 132 ||| INVOKING Spit Poison.
   160 | D:1      | 160 ||| PLANNING D:1-11
   160 | D:1      | 160 ||| PLANNING D:1-11
   160 | D:1      | 160 ||| PLANNING D:1-11
   160 | D:1      | 160 ||| PLANNING D:1-11
   170 | D:1      | 170 ||| INVOKING Spit Poison.
   273 | D:1      | 273 ||| INVOKING Spit Poison.
   295 | D:1      | 295 ||| INVOKING Spit Poison.
   343 | D:1      | 343 ||| INVOKING Spit Poison.
   362 | D:1      | 362 ||| INVOKING Spit Poison.
   377 | D:1      | 377 ||| INVOKING Spit Poison.
   378 | D:1      | 378 ||| INVOKING Spit Poison.
   494 | D:1      | Reached XP level 3. HP: 32/32 MP: 3/3
   688 | D:1      | 688 ||| READING scroll labelled QOPHUSILIWN.
   689 | D:1      | 689 ||| DRINKING 2 murky sapphire potions.
   690 | D:1      | 690 ||| DROPPING scroll of butterflies.
   693 | D:2      | Noticed Sigmund
   694 | D:2      | 694 ||| INVOKING Spit Poison.
   696 | D:2      | 696 ||| STAIRDANCE
   715 | D:2      | 715 ||| INVOKING Spit Poison.
   717 | D:2      | 717 ||| STAIRDANCE
   734 | D:2      | 734 ||| INVOKING Spit Poison.
   735 | D:2      | 735 ||| STAIRDANCE
   757 | D:2      | 757 ||| INVOKING Spit Poison.
   760 | D:2      | Killed Sigmund
   761 | D:2      | Reached skill level 6 in Ranged Weapons
   761 | D:2      | Reached XP level 4. HP: 39/39 MP: 4/4
   761 | D:2      | Reached XP level 5. HP: 45/45 MP: 5/5
   786 | D:2      | 786 ||| INVOKING Spit Poison.
   801 | D:2      | 801 ||| INVOKING Spit Poison.
   834 | D:2      | 834 ||| Stepping ~*~*~tactically~*~*~ (outnumbered).
   835 | D:2      | 835 ||| INVOKING Spit Poison.
   838 | D:2      | 838 ||| INVOKING Spit Poison.
   844 | D:2      | 844 ||| INVOKING Spit Poison.
   846 | D:2      | Reached XP level 6. HP: 29/55 MP: 6/6
   851 | D:2      | 851 ||| INVOKING Spit Poison.
   853 | D:2      | HP: 8/55 [gnoll/+1 heavy halberd (15)]
   854 | D:2      | 854 ||| DRINKING potion of heal wounds.
   855 | D:2      | 855 ||| INVOKING Spit Poison.
   985 | D:2      | 985 ||| INVOKING Spit Poison.
   989 | D:2      | 989 ||| INVOKING Spit Poison.
  1057 | D:2      | 1057 ||| INVOKING Spit Poison.
  1092 | D:2      | 1092 ||| INVOKING Spit Poison.
  1152 | D:2      | 1152 ||| INVOKING Spit Poison.
  1155 | D:2      | Reached skill level 3 in Fighting
  1178 | D:2      | 1178 ||| INVOKING Spit Poison.
  1184 | D:2      | 1184 ||| INVOKING Spit Poison.
  1187 | D:2      | 1187 ||| INVOKING Spit Poison.
  1216 | D:2      | 1216 ||| INVOKING Spit Poison.
  1258 | D:2      | Found a runed translucent door.
  1259 | D:2      | Noticed Crazy Yiuf
  1297 | D:2      | 1297 ||| INVOKING Spit Poison.
  1437 | D:2      | 1437 ||| INVOKING Spit Poison.
  1561 | D:2      | 1561 ||| READING scroll labelled FOORGHI IXIZ.
  1562 | D:2      | 1562 ||| READING 3 scrolls labelled KIOROO NYWKOT.
  1563 | D:2      | 1563 ||| READING scroll labelled UCUCAJ RIOGU.
  1564 | D:2      | 1564 ||| READING scroll labelled HIGGA KYISOCH.
  1565 | D:2      | 1565 ||| DRINKING 3 amethyst potions.
  1566 | D:2      | 1566 ||| DROPPING 2 scrolls of poison.
  1654 | D:3      | Found an ornate altar of the Wu Jian Council.
  1713 | D:3      | 1713 ||| INVOKING Spit Poison.
  1729 | D:3      | 1729 ||| INVOKING Spit Poison.
  1739 | D:3      | Found a shadowy altar of Dithmenos.
  1784 | D:3      | 1784 ||| INVOKING Spit Poison.
  1788 | D:3      | 1788 ||| INVOKING Spit Poison.
  1790 | D:3      | Found a sparkling altar of Nemelex Xobeh.
  1806 | D:3      | 1806 ||| INVOKING Spit Poison.
  1811 | D:3      | 1811 ||| INVOKING Spit Poison.
  1832 | D:3      | Found the amulet of Elemental Vulnerability {rPois rF--
                  | rC-- AC+8}
  1841 | D:3      | Found a sacrificial altar of Ru.
  1845 | D:3      | 1845 ||| PLANNING D:1-11
  1889 | D:3      | 1889 ||| INVOKING Spit Poison.
  1905 | D:3      | 1905 ||| INVOKING Spit Poison.
  1908 | D:3      | 1908 ||| INVOKING Spit Poison.
  1958 | D:3      | 1958 ||| INVOKING Spit Poison.
  1981 | D:3      | Found a faded altar of an unknown god.
  2218 | D:3      | 2218 ||| UPGRADING to +2 pair of gloves.
  2223 | D:3      | 2223 ||| UPGRADING to amulet of Elemental Vulnerability
                  | {rPois rF-- rC-- AC+8}.
  2228 | D:3      | 2228 ||| READING scroll labelled BUEDOT UNYPP.
  2229 | D:3      | 2229 ||| DRINKING 2 lumpy amethyst potions.
  2230 | D:3      | 2230 ||| READING 2 scrolls of identify.
  2230 | D:3      | 2230 ||| IDENTIFYING sapphire potion
  2231 | D:3      | 2231 ||| DROPPING potion of brilliance.
  2232 | D:3      | 2232 ||| DROPPING potion of attraction.
  2258 | D:4      | 2258 ||| INVOKING Spit Poison.
  2275 | D:4      | 2275 ||| INVOKING Spit Poison.
  2280 | D:4      | 2280 ||| INVOKING Spit Poison.
  2285 | D:4      | 2285 ||| INVOKING Spit Poison.
  2330 | D:4      | 2330 ||| INVOKING Spit Poison.
  2337 | D:4      | 2337 ||| INVOKING Spit Poison.
  2342 | D:4      | 2342 ||| INVOKING Spit Poison.
  2348 | D:4      | 2348 ||| INVOKING Spit Poison.
  2372 | D:4      | 2372 ||| INVOKING Spit Poison.
  2375 | D:4      | Reached XP level 7. HP: 66/66 MP: 7/7
  2507 | D:4      | 2507 ||| INVOKING Spit Poison.
  2514 | D:4      | 2514 ||| INVOKING Spit Poison.
  2517 | D:4      | 2517 ||| INVOKING Spit Poison.
  2556 | D:4      | 2556 ||| INVOKING Spit Poison.
  2560 | D:4      | 2560 ||| INVOKING Spit Poison.
  2661 | D:4      | 2661 ||| INVOKING Spit Poison.
  2709 | D:4      | Noticed Eustachio
  2710 | D:4      | 2710 ||| INVOKING Spit Poison.
  2714 | D:4      | 2714 ||| INVOKING Spit Poison.
  2717 | D:4      | 2717 ||| INVOKING Spit Poison.
  2720 | D:4      | 2720 ||| INVOKING Spit Poison.
  2731 | D:4      | 2731 ||| INVOKING Spit Poison.
  2736 | D:4      | 2736 ||| INVOKING Spit Poison.
  2740 | D:4      | 2740 ||| INVOKING Spit Poison.
  2743 | D:4      | HP: 16/66 [river rat[Eustachio] (3)]
  2745 | D:4      | 2745 ||| INVOKING Spit Poison.
  2745 | D:4      | HP: 6/66 [white imp/puff of frost[Eustachio] (10)]
  2747 | D:4      | Killed Eustachio
  2748 | D:4      | Reached skill level 7 in Ranged Weapons
  3039 | D:4      | Noticed Ijyb
  3042 | D:4      | 3042 ||| INVOKING Spit Poison.
  3048 | D:4      | 3048 ||| INVOKING Spit Poison.
  3051 | D:4      | 3051 ||| INVOKING Spit Poison.
  3057 | D:4      | 3057 ||| INVOKING Spit Poison.
  3060 | D:4      | 3060 ||| INVOKING Spit Poison.
  3063 | D:4      | 3063 ||| INVOKING Spit Poison.
  3067 | D:4      | Killed Ijyb
  3271 | D:4      | 3271 ||| INVOKING Spit Poison.
  3372 | D:4      | 3372 ||| INVOKING Spit Poison.
  3375 | D:4      | 3375 ||| INVOKING Spit Poison.
  3573 | D:4      | 3573 ||| READING scroll labelled NIVYHE SOMANT.
  3618 | D:5      | Entered Level 5 of the Dungeon
  3641 | D:5      | 3641 ||| INVOKING Spit Poison.
  3720 | D:5      | 3720 ||| INVOKING Spit Poison.
  3823 | D:5      | 3823 ||| INVOKING Spit Poison.
  3829 | D:5      | 3829 ||| INVOKING Spit Poison.
  3832 | D:5      | 3832 ||| INVOKING Spit Poison.
  3835 | D:5      | 3835 ||| INVOKING Spit Poison.
  3838 | D:5      | 3838 ||| INVOKING Spit Poison.
  3851 | D:5      | 3851 ||| INVOKING Spit Poison.
  3854 | D:5      | 3854 ||| INVOKING Spit Poison.
  3860 | D:5      | 3860 ||| INVOKING Spit Poison.
  3909 | D:5      | 3909 ||| INVOKING Spit Poison.
  4005 | D:5      | 4005 ||| INVOKING Spit Poison.
  4013 | D:5      | 4013 ||| INVOKING Spit Poison.
  4019 | D:5      | Reached skill level 8 in Ranged Weapons
  4019 | D:5      | Reached XP level 8. HP: 68/73 MP: 8/8
  4019 | D:5      | 4019 ||| INVOKING Spit Poison.
  4025 | D:5      | 4025 ||| INVOKING Spit Poison.
  4046 | D:5      | 4046 ||| INVOKING Spit Poison.
  4061 | D:5      | 4061 ||| INVOKING Spit Poison.
  4064 | D:5      | 4064 ||| INVOKING Spit Poison.
  4067 | D:5      | 4067 ||| INVOKING Spit Poison.
  4165 | D:5      | 4165 ||| INVOKING Spit Poison.
  4171 | D:5      | 4171 ||| INVOKING Spit Poison.
  4200 | D:5      | 4200 ||| INVOKING Spit Poison.
  4207 | D:5      | 4207 ||| INVOKING Spit Poison.
  4515 | D:5      | 4515 ||| INVOKING Spit Poison.
  4518 | D:5      | 4518 ||| Stepping ~*~*~tactically~*~*~ (outnumbered).
  4522 | D:5      | 4522 ||| INVOKING Spit Poison.
  4526 | D:5      | 4526 ||| INVOKING Spit Poison.
  4537 | D:5      | 4537 ||| INVOKING Spit Poison.
  4543 | D:5      | 4543 ||| DROPPING ring of flight.
  4544 | D:5      | 4544 ||| READING 2 scrolls labelled QAYDYO TUEMEC.
  4559 | D:6      | 4559 ||| INVOKING Spit Poison.
  4574 | D:6      | 4574 ||| INVOKING Spit Poison.
  4577 | D:6      | 4577 ||| INVOKING Spit Poison.
  4657 | D:6      | 4657 ||| INVOKING Spit Poison.
  4661 | D:6      | 4661 ||| INVOKING Spit Poison.
  4667 | D:6      | Noticed Edmund
  4669 | D:6      | 4669 ||| INVOKING Spit Poison.
  4677 | D:6      | 4677 ||| INVOKING Spit Poison.
  4681 | D:6      | 4681 ||| INVOKING Spit Poison.
  4687 | D:6      | 4687 ||| INVOKING Spit Poison.
  4692 | D:6      | 4692 ||| INVOKING Spit Poison.
  4699 | D:6      | 4699 ||| INVOKING Spit Poison.
  4706 | D:6      | 4706 ||| INVOKING Spit Poison.
  4709 | D:6      | 4709 ||| INVOKING Spit Poison.
  4712 | D:6      | 4712 ||| INVOKING Spit Poison.
  4718 | D:6      | 4718 ||| INVOKING Spit Poison.
  4721 | D:6      | 4721 ||| INVOKING Spit Poison.
  4724 | D:6      | 4724 ||| INVOKING Spit Poison.
  4728 | D:6      | 4728 ||| INVOKING Spit Poison.
  4733 | D:6      | HP: 16/74 [Edmund/+1 dire flail of protection (10)]
  4734 | D:6      | 4734 ||| READING scroll of teleportation.
  4735 | D:6      | 4735 ||| INVOKING Spit Poison.
  4747 | D:6      | 4747 ||| INVOKING Spit Poison.
  4751 | D:6      | HP: 9/74 [Edmund/+1 dire flail of protection (7)]
  4752 | D:6      | Slain by Edmund

Levels and vault maps discovered:
D:1:      dpeg_arrival_rooms_c, layout_basic, serial_shops, shop
D:2:      layout_loops_cross, uniq_sigmund, uniq_crazy_yiuf_cottage
D:3:      layout_basic, nicolae_wu_jian_wuxing_cycle,
          mainiacjoe_overflow_boulevard, nemelex_xobeh_ov_fountains_minmay,
          nicolae_dithmenos_shadow_blocks, hellmonk_ecumenical_altar_crossroads
D:4:      layout_layer_cave, serial_bayou, serial_bayou_pond_d,
          serial_bayou_shore_b, serial_bayou_pond_e, serial_bayou_shore_a,
          uniq_ijyb, uniq_eustachio
D:5:      layout_basic
D:6:      layout_cave_pools, marbit_many_paths, lemuel_coloured_pillars_altar,
          serial_shops, shop, uniq_edmund

Skill      XL: |  1  2  3  4  5  6  7  8 |
---------------+-------------------------+-----
Ranged Weapons | 4 6 8 |  8.8
Fighting       | 4 5 |  5.1
Dodging        | 2 |  2.1
Stealth        | |  1.5

Action                     |  1- 3 |  4- 6 |  7- 9 || total
---------------------------+-------+-------+-------++-------
   Fire: Shortbow          |    35 |   106 |   242 ||   383
Ability: Spit Poison       |    14 |    37 |    70 ||   121
    Use: Scroll            |     1 |     6 |     3 ||    10
         Potion            |     1 |     3 |       ||     4
 Armour: Leather armour    |     1 |    24 |   124 ||   149
  Dodge: Dodged            |     9 |    29 |   135 ||   173

Table legend:
 A = Non-vault XP
 B = Vault XP
 C = Vault XP percentage of total XP
 D = Non-vault monster count
 E = Vault monster count
 F = Vault count percentage of total count
                 A         B        C        D         E       F
            +---------+---------+-------+---------+---------+-------
      Total |    1364 |     490 |  26.4 |     108 |       3 |   2.7
            +---------+---------+-------+---------+---------+-------
        D:1 |      38 |       0 |   0.0 |      23 |       0 |   0.0
        D:2 |      95 |     243 |  71.9 |      24 |       1 |   4.0
        D:3 |      61 |       0 |   0.0 |      14 |       0 |   0.0
        D:4 |     331 |     247 |  42.7 |      23 |       2 |   8.0
        D:5 |     661 |       0 |   0.0 |      20 |       0 |   0.0
        D:6 |     178 |       0 |   0.0 |       4 |       0 |   0.0
            +---------+---------+-------+---------+---------+-------
